 Dungeon Crawl Stone Soup version bcrawl-1.21.2-20-g6d45ba5942 (webtiles) character file.

Game seed: 4032962143992619944

3224 Mrkan the Grappler (level 9, -4/93 HPs)
             Began as a Troll Monk on Feb 25, 2020.
             Was an Elder of Fedhas.
             Slain by an 11-headed hydra (8 damage)
             ... on level 7 of the Dungeon.
             The game lasted 00:11:07 (4790 turns).

Mrkan the Grappler (Troll Monk)                     Turns: 4790, Time: 00:11:08

Health: -4/93      AC:  8    Str: 24    XL:     9   Next: 66%
Magic:  0/12       EV: 10    Int:  7    God:    Fedhas [****..]
Gold:   413        SH:  0    Dex: 12    Spells: 8/8 levels left

rFire    . . .     SeeInvis .     - Unarmed
rCold    . . .     Gourm    +   (no shield)
rNeg     . . .     Faith    .   (armour unavailable)
rPois    .         Spirit   +   a - +0 hat
rElec    .         Reflect  .   (no cloak)
rCorr    .         Harm     .   (gloves unavailable)
MR       .....                  (boots unavailable)
Stlth    ++........             b - amulet of guardian spirit
HPRegen  0.65/turn              h - ring of flight
MPRegen  0.13/turn              (no ring)

@: no status effects
A: large, almost no armour, unfitting armour, claws 3, fast metabolism 3,
gourmand, regeneration 1, AC +8
a: Fungal Bloom, Sunlight, Evolution, Growth, Reproduction, Renounce Religion,
Evoke Flight


You were on level 7 of the Dungeon.
You worshipped Fedhas.
Fedhas was greatly pleased with you.
You were not hungry.

You visited 1 branch of the dungeon, and saw 7 of its levels.

You collected 413 gold pieces.

Inventory:

Hand Weapons
 t - the +9 war axe of Duty {chop, rF+ Str+3 SInv, unknown}
   (You found it on level 6 of the Dungeon)

   It inflicts extra damage upon your enemies.
   It affects your strength (+3).
   It protects you from fire.
   It lets you see invisible.
 u - a +0 giant club
Missiles
 s - a throwing net (quivered) {!f}
Armour
 a - a +0 hat (worn)
Jewellery
 b - an amulet of guardian spirit (around neck)
 h - a ring of flight (left claw)
 l - an uncursed ring of protection from cold
Wands
 w - a wand of paralysis (12)
Scrolls
 c - 5 scrolls of identify
 f - a scroll of remove curse
 g - a scroll of immolation
 i - 2 scrolls of fear
 k - a scroll of silence {unknown}
 m - a scroll of teleportation
 o - a scroll of fog
 r - a scroll of amnesia {unknown}
 x - a scroll of magic mapping
Potions
 d - a potion of invisibility {unknown}
 j - a potion of ambrosia
 n - 3 potions of curing
 p - a potion of agility
 q - a potion of heal wounds
 v - a potion of degeneration {unknown}
Comestibles
 e - 12 rations {!d}


   Skills:
 + Level 7.3 Fighting
 + Level 3.6 Maces & Flails
 - Level 2.4 Dodging
 - Level 1.1 Stealth
 - Level 9.1 Unarmed Combat
 + Level 5.8 Invocations


You had 8 spell levels left.
You didn't know any spells.
Your spell library contained the following spells:

 Spells                   Type           Power        Failure   Level  Hunger
 Sting                    Conj/Pois      #...         43%         1    ##.....
 Poisonous Vapours        Pois/Air       #.....       56%         2    ###....
 Ignite Poison            Fire/Tmut/Pois #.......     80%         3    ####...
 Olgreb's Toxic Radiance  Pois           #.......     99%         4    #####..
 Summon Scorpions         Summ/Pois      #.......     99%         4    #####..
 Venom Bolt               Conj/Pois      #.........   100%        5    ######.


Dungeon Overview and Level Annotations

Branches:
Dungeon (7/12)             Temple (0/1) D:6
   Lair: D:7-9

Altars:
Fedhas
Gozag
Nemelex Xobeh
Sif Muna
Trog
Wu Jian
Xom

Shops:
D:4 }

Annotations:
D:4 3 runed translucent doors, kirei's ghost, amateur DsFE


Innate Abilities, Weirdness & Mutations

You cannot wear most types of armour.
Your thick skin is tough. (AC +8)
You are too large for most types of armour.
You have claws for hands.
Your metabolism is lightning-fast.
You like to eat raw meat.
Your natural rate of healing is unusually fast.


Message History

The ten-headed hydra bites you.
* * * LOW HITPOINT WARNING * * *
The ten-headed hydra bites you!
* * * LOW HITPOINT WARNING * * *
The ten-headed hydra barely misses you.
The ten-headed hydra bites you but does no damage.
The ten-headed hydra barely misses you.
The ten-headed hydra bites you but does no damage.
The ten-headed hydra bites you!
* * * LOW HITPOINT WARNING * * *
The ten-headed hydra bites you but does no damage.
You tear one of the ten-headed hydra's heads off!
The nine-headed hydra grows two more!
You claw the 11-headed hydra!
The 11-headed hydra is moderately wounded.
The 11-headed hydra bites you!
* * * LOW HITPOINT WARNING * * *
The 11-headed hydra bites you but does no damage.
The 11-headed hydra bites you!
You die...
Fedhas appreciates your contribution to the ecosystem.

#...........#
#.#..^......#
####.##........#
#.............<#
######....##....<...#
..........##........#
#####...###........#
..#######...#
#....(...#
......D@..###
##########
#....$..#.#
...⌠.⌠....#
...._...### .#.⌠.⌠..#
#......# ########


You could see a 11-headed hydra.

Vanquished Creatures
  Grinder (D:3)
  A slime creature (D:6)
  Sigmund (D:3)
  Eustachio (D:6)
  Menkaure (D:5)
  Duvessa (D:4)
  2 ice beasts (D:6)
  A sky beast (D:5)
  A phantom (D:5)
  2 ogres (D:5)
  A necrophage (D:6)
  2 centaurs
  4 bullfrogs
  3 big kobolds
  Dowan (D:4)
  8 crimson imps
  A centaur zombie (D:5)
  A bullfrog zombie (D:5)
  A hound (D:4)
  2 orc priests
  3 iguanas
  5 orc wizards
  5 worker ants
  A hound skeleton (D:5)
  A hound zombie (D:5)
  7 gnolls
  4 adders
  An ooze (D:1)
  4 worms
  2 dart slugs
  5 leopard geckos
  15 orcs
  A ball python (D:1)
  2 giant cockroaches
  9 hobgoblins
  6 jackals
  3 quokkas
  6 bats
  3 frilled lizards
  8 goblins
  15 kobolds
  5 rats
147 creatures vanquished.

Vanquished Creatures (others)
  2 toadstools (D:4)
2 creatures vanquished.

Grand Total: 149 creatures vanquished

Notes
Turn   | Place    | Note
-------+----------+-------------------------------------------
     0 | D:1      | Mrkan the Troll Monk began the quest for the Orb.
     0 | D:1      | Reached XP level 1. HP: 22/22 MP: 1/1
   187 | D:1      | Reached XP level 2. HP: 29/29 MP: 2/2
   671 | D:2      | Reached XP level 3. HP: 36/36 MP: 3/3
   710 | D:2      | Reached skill level 4 in Unarmed Combat
   788 | D:2      | Gained mutation: Your natural rate of healing is unusually
                  | fast. [Troll growth]
   788 | D:2      | Reached XP level 4. HP: 45/45 MP: 4/4
  1248 | D:3      | Noticed Sigmund
  1255 | D:3      | Killed Sigmund
  1255 | D:3      | Reached skill level 5 in Unarmed Combat
  1255 | D:3      | Reached XP level 5. HP: 44/54 MP: 3/5
  1255 | D:3      | Reached XP level 6. HP: 50/62 MP: 3/6
  1318 | D:3      | Reached skill level 6 in Unarmed Combat
  1356 | D:3      | Found a shimmering blue altar of Sif Muna.
  1522 | D:3      | Found a blossoming altar of Fedhas.
  1561 | D:3      | Became a worshipper of Fedhas Madash
  1561 | D:3      | Reached * piety under Fedhas
  1561 | D:3      | Reached ** piety under Fedhas
  1632 | D:3      | Noticed Grinder
  1633 | D:3      | Paralysed by Grinder for 4 turns
  1648 | D:3      | Killed Grinder
  1648 | D:3      | Reached skill level 7 in Unarmed Combat
  1648 | D:3      | Reached XP level 7. HP: 63/71 MP: 5/7
  1839 | D:4      | Found Ynoihel's Gadget Shoppe.
  2181 | D:4      | Found a runed translucent gate.
  2182 | D:4      | Found a runed translucent gate.
  2183 | D:4      | Found a runed translucent gate.
  2184 | D:4      | Found an opulent altar of Gozag.
  2185 | D:4      | Noticed kirei's ghost (amateur DsFE)
  2187 | D:4      | Noticed a basilisk
  2203 | D:4      | Noticed Dowan
  2212 | D:4      | Killed Dowan
  2213 | D:4      | Noticed Duvessa
  2223 | D:4      | Killed Duvessa
  2223 | D:4      | Reached skill level 5 in Fighting
  2223 | D:4      | Reached skill level 8 in Unarmed Combat
  2226 | D:4      | Reached XP level 8. HP: 19/80 MP: 2/8
  2558 | D:5      | Entered Level 5 of the Dungeon
  2579 | D:5      | Found a bloodstained altar of Trog.
  2604 | D:5      | Reached skill level 9 in Unarmed Combat
  2609 | D:5      | Reached *** piety under Fedhas
  2984 | D:5      | Noticed Menkaure
  2992 | D:5      | Killed Menkaure
  3167 | D:5      | Reached XP level 9. HP: 92/92 MP: 11/11
  3467 | D:5      | Reached **** piety under Fedhas
  3641 | D:6      | Found a staircase to the Ecumenical Temple.
  3727 | D:6      | Reached skill level 1 in Maces & Flails
  3771 | D:6      | Reached skill level 5 in Invocations
  4057 | D:6      | Got an iridescent war axe
  4177 | D:6      | Noticed Eustachio
  4193 | D:6      | Killed Eustachio
  4265 | D:6      | Found an ornate altar of the Wu Jian Council.
  4287 | D:6      | Found a shimmering altar of Xom.
  4781 | D:7      | Found a sparkling altar of Nemelex Xobeh.
  4784 | D:7      | Noticed a seven-headed hydra
  4790 | D:7      | HP: 4/93 [11-headed hydra (6)]
  4790 | D:7      | Slain by an 11-headed hydra

Skill      XL: |  1  2  3  4  5  6  7  8  9 |
---------------+----------------------------+-----
Unarmed Combat | 4 5 7 8 9 |  9.1
Fighting       | 3 4 5 6 7 |  7.3
Invocations    | 4 5 |  5.8
Maces & Flails | 3 |  3.6
Dodging        | |  2.4
Stealth        | |  1.1

Action                   |  1- 3 |  4- 6 |  7- 9 || total
-------------------------+-------+-------+-------++-------
Melee: Unarmed           |    79 |    85 |   260 ||   424
       Punch             |       |     1 |    11 ||    12
Invok: Fungal Bloom      |       |       |     2 ||     2
  Use: Scroll            |       |       |    12 ||    12
       Potion            |       |       |     1 ||     1
 Stab: Sleeping          |     1 |     3 |     3 ||     7
  Eat: Chunk             |     9 |     7 |    14 ||    30
Armor: Skin              |    21 |    61 |   128 ||   210
Dodge: Dodged            |    51 |    64 |   155 ||   270
